 Dungeon Crawl Stone Soup version 0.30-a0-6-g7c9e10e132 (webtiles) character file.

Game seed: 14106739161721877962

50 purpskrrrp the Cudgeller (level 3, -2/31 HPs)
             Began as a Minotaur Abyssal Knight on Aug 22, 2022.
             Was a Believer of Lugonu.
             Slain by Crazy Yiuf
             ... wielding a +4 quarterstaff of chaos
              (13 damage)
             ... on level 2 of the Dungeon.
             The game lasted 00:02:01 (1803 turns).

purpskrrrp the Cudgeller (Minotaur Abyssal Knight)  Turns: 1803, Time: 00:02:01

Health: -2/31      AC:  3    Str: 19    XL:     3   Next: 55%
Magic:  3/3        EV: 11    Int:  7    God:    Lugonu [**....]
Gold:   202        SH:  0    Dex: 10    Spells: 2/2 levels left

rFire   . . .      SeeInvis .    a - +1 mace
rCold   . . .      Faith    .    (no shield)
rNeg    . . .      Spirit   .    b - +0 leather armour
rPois   .          Reflect  .    (helmet restricted)
rElec   .          Harm     .    (no cloak)
rCorr   .          Rampage  .    (no gloves)
Will    .....                    (no boots)
Stlth   +.........               d - amulet of regeneration
HPRegen 0.90/turn                (no ring)
MPRegen 0.08/turn                (no ring)

@: no status effects
A: horns 2, retaliatory headbutt
a: Renounce Religion, Depart the Abyss, Bend Space


You were on level 2 of the Dungeon.
You worshipped Lugonu.
Lugonu was pleased with you.
You visited 1 branch of the dungeon, and saw 2 of its levels.
You visited the Abyss 1 time.

You collected 202 gold pieces.

Inventory:

Hand Weapons
 a - a +1 mace (weapon)
Armour
 b - a +0 leather armour (worn)
Jewellery
 d - an amulet of regeneration (around neck)
Scrolls
 c - 4 scrolls of identify {unknown}
 f - 2 scrolls of teleportation {unknown}
 h - a scroll of acquirement {unknown}
 j - a scroll of blinking {unknown}
 k - a scroll of poison {unknown}
Potions
 e - a potion of cancellation {unknown}
 g - a potion of heal wounds {unknown}
 i - 2 potions of brilliance {unknown}


   Skills:
 - Level 3.6 Fighting
 + Level 4.8 Maces & Flails
 - Level 2.4 Armour
 - Level 1.1 Dodging
 - Level 1.7 Invocations


You had 2 spell levels left.
You didn't know any spells.
Your spell library was empty.

Dungeon Overview and Level Annotations

Branches:
Dungeon (2/15)

Altars:

Annotations:
D:2 Crazy Yiuf


Innate Abilities, Weirdness & Mutations

You have a pair of horns on your head.
You reflexively headbutt those who attack you in melee.


Message History

You headbutt the endoplasm!
You kill the endoplasm!
Lugonu accepts your kill.
No target in view!
No target in view!
No target in view!
No target in view!
No target in view!
No target in view!
No target in view!
No target in view!
No target in view!
No target in view!
No target in view!
No target in view!
You now have 202 gold pieces (gained 14).
i - 2 clear potions (gained 1)
You open the door.
Found a stone staircase leading down.
There is an open door here.
There is a stone staircase leading down here.
There is an open door here.
You open the door.
There is an open door here.
You open the door.
There is an open door here.
You see here a +0 ring mail.
Crazy Yiuf shouts!
You open the door.
Crazy Yiuf hits you with a +4 quarterstaff of chaos!
There is an open translucent door here.
You barely miss Crazy Yiuf. You headbutt Crazy Yiuf.
Crazy Yiuf is lightly wounded.
Crazy Yiuf closely misses you.
You sock Crazy Yiuf! Your headbutt misses Crazy Yiuf.
Crazy Yiuf is heavily wounded.
Crazy Yiuf glowers.
Crazy Yiuf hits you with a +4 quarterstaff of chaos!
You are electrocuted!
You die...

...............#.#####.......#...
...............#....##.......#...
.........##########..........#...
.......### #####...[..#...
.......# #......#...
.......##♣♣♣♣♣ #......#...
.......#...♣.♣♣♣ #### #.........<
............♣..♣#...# #..........
#####......♣♣♣♣.@g..# #......#...
##.#..♣♣ ♣♣#..)# #....>.####
####♣♣ #### #..######## #..# #...
#..# #.## #############..# #.#
#..............#####.#
#..............#.....#
#..............#.######


You could see Crazy Yiuf.

Vanquished Creatures
  An adder (D:2)
  2 worms (D:2)
  3 dart slugs
  5 endoplasms
  3 giant cockroaches
  2 goblins
  3 hobgoblins (D:1)
  2 quokkas (D:2)
  3 ball pythons (D:1)
  A bat (D:1)
  3 frilled lizards
  A rat (D:1)
29 creatures vanquished.

Vanquished Creatures (others)
  3 toadstools (D:1)
3 creatures vanquished.

Grand Total: 32 creatures vanquished

Notes
Turn   | Place    | Note
-------+----------+-------------------------------------------
     0 | Abyss:1  | purpskrrrp the Minotaur Abyssal Knight began the quest for
                  | the Orb.
     0 | Abyss:1  | Reached XP level 1. HP: 19/19 MP: 1/1
    38 | Abyss:1  | Found a corrupted altar of Lugonu.
    87 | Abyss:1  | Noticed a starcursed mass
    92 | D:1      | Escaped the Abyss
   482 | D:1      | Reached skill level 3 in Maces & Flails
   596 | D:1      | Reached XP level 2. HP: 24/26 MP: 2/2
   619 | D:1      | Found a faded altar of an unknown god.
   623 | D:1      | Reached ** piety under Lugonu
  1004 | D:1      | Reached skill level 4 in Maces & Flails
  1314 | D:2      | Reached XP level 3. HP: 21/31 MP: 3/3
  1525 | D:2      | Found a runed translucent door.
  1526 | D:2      | Noticed Crazy Yiuf
  1803 | D:2      | Slain by Crazy Yiuf

Illustrated notes

Levels and vault maps discovered:
D:1:      dpeg_arrival_boxes_within_box, layout_basic,
          hellmonk_ecumenical_altar_run_dry, minmay_gold_behind_fungi
D:2:      layout_basic, uniq_crazy_yiuf_cottage

Skill      XL: |  1  2 |
---------------+-------+-----
Maces & Flails | 3 4 |  4.8
Fighting       | |  3.6
Armour         | |  2.4
Dodging        | |  1.1
Invocations    | |  1.7

Action                   || total
-------------------------++-------
Melee: Mace              ||    54
       Headbutt          ||     9
Invok: Depart the Abyss  ||     1
Armor: Leather armour    ||     8
Dodge: Dodged            ||    23

Table legend: (Time is in decaauts)
 A = Elapsed time spent in this place.
 B = Non-inter-level travel time spent in this place.
 C = Inter-level travel time spent in this place.
 D = Time resting spent in this place.
 E = Time spent auto-exploring this place.
 F = Levels seen in this place.
 G = Mean time per level.
                   A        B        C        D        E       F      G
               +--------+--------+--------+--------+--------+-----+--------+
         Total |   1812 |   1786 |     26 |      0 |   1611 |   3 |  604.0 |
       Dungeon |   1720 |   1694 |     26 |      0 |   1525 |   2 |  860.0 |
         Abyss |     92 |     92 |      0 |      0 |     86 |   1 |   92.0 |
               +--------+--------+--------+--------+--------+-----+--------+

Top non-repeatable levels by time:
     D:1: 1054 daAuts
     D:2: 666 daAuts
 Abyss:1: 92 daAuts
